 Dungeon Crawl Stone Soup version 0.28-a0-1002-gf00fe891ef (webtiles) character file.

Game seed: 12048032775029996417

4050 horus123 the Thaumaturge (level 10, 0/67 HPs)
             Began as a Djinni Fire Elementalist on Dec 6, 2021.
             Was an Initiate of Makhleb.
             Collided with a rock wall (23 damage)
             ... caused by Erica
             ... on level 8 of the Dungeon.
             The game lasted 00:23:29 (5755 turns).

horus123 the Thaumaturge (Djinni Fire Elementalist) Turns: 5755, Time: 00:23:30

Health: 0/67       AC:  9    Str:  7    XL:     10   Next: 48%
Gold:   487        EV: 12    Int: 21    God:    Makhleb [......] SH:  0 Dex: 16

rFire   + + +      SeeInvis .   J - staff of fire
rCold   . . .      Faith    .   (no shield)
rNeg    . . .      Spirit   .   c - +0 troll leather armour
rPois   ∞          Reflect  .   (no helmet)
rElec   .          Harm     .   n - +0 cloak
rCorr   .          Rampage  .   t - +2 pair of gloves of Disaster {Dex+2}
Will    +....                   (boots unavailable)
Stlth   ++........              B - amulet of regeneration
HPRegen 1.81/turn               j - ring of protection from fire
MPRegen 0.00/turn               r - ring of ice

@: marked, flying
A: sickness immunity, fire resistance 2, cold vulnerability 1, float, innate
caster, hp casting, extra vitality 1
a: Renounce Religion


You were on level 8 of the Dungeon.
You worshipped Makhleb.
Makhleb was noncommittal.
You visited 2 branches of the dungeon, and saw 9 of its levels.

You collected 487 gold pieces.

Inventory:

Hand Weapons
 e - a +0 hand axe
 h - a +0 short sword
 l - a +1 dagger of holy wrath
 m - a +4 quarterstaff of chaos
Armour
 a - a +0 robe
 b - a +0 pair of gloves
 c - a +0 troll leather armour (worn)
 n - a +0 cloak (worn)
 t - the +2 pair of gloves of Disaster (worn) {Dex+2}
   (You found it on level 5 of the Dungeon)

   Dex:       It affects your dexterity (+2).
Magical Staves
 z - a staff of conjuration
 J - a staff of fire (weapon)
Jewellery
 j - a ring of protection from fire (left hand)
 r - a ring of ice (right hand)
 s - a ring of protection from fire
 A - an amulet of reflection
 B - an amulet of regeneration (around neck)
 E - a ring of resist corrosion
Wands
 i - a wand of polymorph (15)
 u - a wand of charming (6)
Scrolls
 p - a scroll of magic mapping
 v - a scroll of fog
 w - 2 scrolls of teleportation
 y - a scroll of vulnerability
 F - a scroll of blinking
 H - 3 scrolls of amnesia {unknown}
 I - a scroll of identify
Potions
 d - a potion of brilliance
 f - 2 potions of degeneration {unknown}
 g - a potion of might {unknown}
 k - a potion of attraction {unknown}
 o - a potion of heal wounds {unknown}
 q - 2 potions of ambrosia {unknown}
 x - a potion of invisibility {unknown}
 C - 3 potions of curing {unknown}
 D - a potion of lignification {unknown}
 G - a potion of resistance {unknown}


   Skills:
 - Level 4.1 Fighting
 - Level 4.0 Armour
 - Level 2.1 Dodging
 - Level 1.5 Stealth
 + Level 10.5 Spellcasting


You had 7 spell levels left.
You knew the following spells:

 Your Spells              Type           Power      Damage    Failure   Level
a - Foxfire               Conj/Fire      100%       2x1d9     1%          1
b - Scorch                Fire           100%       2d10      1%          2
c - Conjure Flame         Conj/Fire      70%        6-21      1%          3
d - Inner Flame           Hex/Fire       70%        N/A       1%          3
e - Flame Wave            Conj/Fire      70%        2d11      1%          4
f - Magic Dart            Conj           100%       1d8       1%          1
g - Corpse Rot            Necr/Air       100%       N/A       1%          2
h - Mephitic Cloud        Conj/Pois/Air  53%        N/A       1%          3
i - Cause Fear            Hex            26%        N/A       1%          4
Your spell library was empty.

Dungeon Overview and Level Annotations

Branches:
Dungeon (8/15)             Temple (1/1) D:7
   Lair: D:8-11

Altars:
Ashenzari
Cheibriados
Dithmenos
Elyvilon
Fedhas
Gozag
Kikubaaqudgha
Makhleb
Nemelex Xobeh
Okawaru
Qazlal
Ru
Sif Muna
Uskayaw
Vehumet
Wu Jian
Xom
Yredelemnul
Zin
The Shining One

Shops:
D:4 *   D:5 (

Annotations:
D:8 Erica


Innate Abilities, Weirdness & Mutations

You are immune to sickness and miasma.
You are immune to poison.
Your flesh is very heat resistant. (rF++)
You are vulnerable to cold. (rC-)
You float through the air rather than walking.
You learn spells naturally, not from books.
Your magical power is your life essence.
You have superior vitality. (+4 HP)


Message History

The killer bee stings you but does no damage.
The killer bee barely misses you. The killer bee stings you!
A wave of flame ripples out!
The flame wave engulfs the killer bee!!
You kill the killer bee!
Makhleb accepts your kill.
The flame wave engulfs the killer bee!
The killer bee is burned terribly!
You kill the killer bee!
Makhleb accepts your kill.
The flame wave engulfs Erica.
Erica resists.
Erica is lightly wounded.
A wave of flame ripples out!
The flame wave engulfs Erica.
Erica resists.
Erica is lightly wounded.
You finish channelling waves of flame.
A howler monkey comes into view.
Erica casts a spell at you. The lance of force misses you.
Casting: Flame Wave (dangerous; 1% risk of failure)
Confirm with . or Enter, or press ? or * to list all spells.
Casting: Flame Wave (dangerous; 1% risk of failure)
Press: ? - help, Dir - look around, f - activate You feel a surge of power!
A wave of flame ripples out!
The flame wave engulfs Erica.
Erica resists.
Erica is moderately wounded. (Press . to intensify the flame waves.)
The howler monkey hoots and howls with incredible vigour!
Erica drinks a potion.
Erica's spells are empowered!
A wave of flame ripples out!
The flame wave engulfs Erica.
Erica resists.
Erica is moderately wounded.
The flame wave engulfs the howler monkey!
You kill the howler monkey!
Makhleb accepts your kill.
Erica zaps a wand.
The bolt of acid misses you.
A wave of flame ripples out!
The flame wave engulfs Erica.
Erica resists.
Erica is moderately wounded.
You finish channelling waves of flame.
Erica casts a spell at you. The lance of force hits you!!
You are knocked back by the lance of force.
You slam into the rock wall!
You die...

..............##..#.......#
...........#####.#........#
..........................+
.......##.#####..###.....#.
.......##..................
#...#..#####....†[.y.y..#
#..##......#.#.#@####†y....
######.###.#.#.#.# ..###
#....#.........†@# ...
#....##.......#.## #.#
#....##.......#.# .
#....###......#.####
#...))..............
#...)###......#(### #...)#
#......#.# #....#
########.# #....#


You could see Erica (empowered).

Vanquished Creatures
  Pikel (D:5)
  A hornet (D:7)
  Prince Ribbit (D:7)
  2 water moccasins (D:7)
  An orc warrior (D:5)
  A black bear (D:7)
  3 ice beasts
  2 necrophages
  An ogre (D:5)
  4 centaurs
  4 lemures (D:5)
  A phantom (D:5)
  A bullfrog (D:6)
  2 scorpions (D:5)
  A wyvern zombie (D:6)
  15 killer bees
  2 water moccasin skeletons
  4 howler monkeys
  A hound (D:6)
  A centaur zombie (D:8)
  4 orc priests
  Crazy Yiuf (D:2)
  Terence (D:2)
  Jessica (D:2)
  4 iguanas
  An orc wizard (D:3)
  2 killer bee zombies
  2 hound skeletons (D:4)
  20 adders
  3 white imps
  3 ufetubi
  A worm (D:2)
  A dart slug (D:4)
  16 orcs
  3 bats
  7 endoplasms
  3 giant cockroaches
  6 goblins
  2 hobgoblins
  5 jackals
  4 quokkas
  9 ball pythons
  2 frilled lizards (D:3)
  6 kobolds
  4 rats
160 creatures vanquished.

Vanquished Creatures (others)
  An orc wizard (D:3)
  140 foxfires
141 creatures vanquished.

Grand Total: 301 creatures vanquished

Notes
Turn   | Place    | Note
-------+----------+-------------------------------------------
     0 | D:1      | horus123 the Djinni Fire Elementalist began the quest for
                  | the Orb.
     0 | D:1      | Reached XP level 1. HP: 15/15 MP: 0/0
   391 | D:1      | Reached XP level 2. HP: 20/21 MP: 0/0
   459 | D:1      | Reached skill level 3 in Spellcasting
   620 | D:1      | Reached XP level 3. HP: 25/26 MP: 0/0
   620 | D:1      | Learned a level 1 spell: Magic Dart
   696 | D:2      | Reached skill level 1 in Fighting
   842 | D:2      | Reached XP level 4. HP: 33/33 MP: 0/0
  1072 | D:2      | Noticed Jessica
  1178 | D:2      | Killed Jessica
  1216 | D:2      | Found a runed translucent door.
  1217 | D:2      | Noticed Crazy Yiuf
  1394 | D:2      | Noticed Terence
  1397 | D:2      | Killed Terence
  1398 | D:2      | Reached XP level 5. HP: 35/38 MP: 0/0
  1398 | D:2      | Learned a level 2 spell: Corpse Rot
  1405 | D:2      | Found a faded altar of an unknown god.
  1580 | D:2      | Killed Crazy Yiuf
  1581 | D:2      | Reached skill level 4 in Spellcasting
  1882 | D:3      | Reached skill level 1 in Armour
  1939 | D:3      | Reached XP level 6. HP: 43/43 MP: 0/0
  2243 | D:4      | Found Galai's General Store.
  2429 | D:4      | Found a sparkling altar of Nemelex Xobeh.
  2537 | D:4      | Reached XP level 7. HP: 43/49 MP: 0/0
  2537 | D:4      | Learned a level 3 spell: Mephitic Cloud
  2604 | D:4      | Found a sand-covered staircase.
  2946 | D:4      | Reached skill level 5 in Spellcasting
  3039 | D:5      | Entered Level 5 of the Dungeon
  3119 | D:5      | Noticed Pikel
  3151 | D:5      | Killed Pikel
  3152 | D:5      | Reached skill level 6 in Spellcasting
  3152 | D:5      | Reached XP level 8. HP: 8/54 MP: 0/0
  3275 | D:5      | Found Eqehof's Weapon Shoppe.
  3288 | D:5      | Reached skill level 7 in Spellcasting
  3463 | D:5      | Reached XP level 9. HP: 55/58 MP: 0/0
  3463 | D:5      | Learned a level 4 spell: Cause Fear
  3485 | D:5      | Found a shadowy altar of Dithmenos.
  3590 | D:5      | Identified the +2 pair of gloves of Disaster {Dex+2}
  3630 | D:5      | Reached skill level 8 in Spellcasting
  4718 | D:6      | Identified a scroll of acquirement
  4718 | D:6      | Acquired an amulet of reflection
  4760 | D:7      | Reached skill level 9 in Spellcasting
  4804 | D:7      | Reached XP level 10. HP: 60/67 MP: 0/0
  4855 | D:7      | Found a staircase to the Ecumenical Temple.
  4872 | Temple   | Entered the Ecumenical Temple
  5024 | Temple   | Became a worshipper of Makhleb the Destroyer
  5146 | D:7      | Noticed Prince Ribbit
  5157 | D:7      | Killed Prince Ribbit
  5215 | D:7      | Reached skill level 10 in Spellcasting
  5741 | D:8      | Noticed Erica
  5755 | D:8      | Collided with a rock wall

Illustrated notes

Levels and vault maps discovered:
D:1:      scummos_arrival_hexagon, layout_rooms, minmay_heptomino_w4
D:2:      layout_loops_ring, dilly_ecumenical_altar_fadedgnrine,
          minmay_ruptured, uniq_crazy_yiuf_cottage, uniq_terence, uniq_jessica
D:3:      layout_basic
D:4:      layout_gridville, nemelex_spade_bored_becter,
          chequers_ossuary_entry_cave, minmay_misc_feat_roman,
          nicolae_stop_n_shop_2, minmay_tree_intersection
D:5:      layout_loops_ring, nicolae_dithmenos_shadow_blocks, serial_shops,
          nicolae_shop_statue_plus, uniq_pikel
D:6:      layout_basic
D:7:      layout_basic, minmay_temple_entry_mist, uniq_prince_ribbit1
D:8:      layout_rooms, mainiacjoe_overflow_divided_tiny, grunt_decor_fettered,
          uniq_erica
Temple:   dpeg_five_rooms_temple

Skill      XL: |  1  2  3  4  5  6  7  8  9 10 |
---------------+-------------------------------+-----
Spellcasting   | 3 4 6 7 9 10 | 10.5
Fighting       | 2 4 |  4.1
Armour         | 1 3 4 |  4.0
Dodging        | |  2.1
Stealth        | |  1.5

Action                   |  1- 3 |  4- 6 |  7- 9 | 10-12 || total
-------------------------+-------+-------+-------+-------++-------
Melee: Quarterstaff      |       |    15 |       |       ||    15
 Cast: Foxfire           |    64 |    22 |     5 |     8 ||    99
       Magic Dart        |       |    74 |   130 |    59 ||   263
       Scorch            |       |    19 |    82 |    21 ||   122
       Mephitic Cloud    |       |       |     4 |       ||     4
       Flame Wave        |       |       |     3 |     2 ||     5
       Cause Fear        |       |       |     1 |       ||     1
  Use: Scroll            |     2 |     3 |     4 |       ||     9
Armor: Troll leather arm |     6 |    34 |    24 |    17 ||    81
Dodge: Dodged            |     7 |    17 |    63 |    32 ||   119
Block: Other             |       |       |     5 |     9 ||    14
       Reflection        |       |       |       |     2 ||     2

Table legend: (Time is in decaauts)
 A = Elapsed time spent in this place.
 B = Non-inter-level travel time spent in this place.
 C = Inter-level travel time spent in this place.
 D = Time resting spent in this place.
 E = Time spent auto-exploring this place.
 F = Levels seen in this place.
 G = Mean time per level.
                   A        B        C        D        E       F      G
               +--------+--------+--------+--------+--------+-----+--------+
         Total |   5755 |   5558 |    197 |    493 |   3866 |   9 |  639.4 |
       Dungeon |   5504 |   5338 |    166 |    493 |   3696 |   8 |  688.0 |
        Temple |    250 |    219 |     31 |      0 |    170 |   1 |  250.0 |
               +--------+--------+--------+--------+--------+-----+--------+

Top non-repeatable levels by time:
     D:2: 971 daAuts
     D:5: 859 daAuts
     D:6: 827 daAuts
     D:4: 758 daAuts
     D:1: 685 daAuts
     D:3: 626 daAuts
     D:7: 552 daAuts
  Temple: 250 daAuts
     D:8: 223 daAuts
